 Dungeon Crawl Stone Soup version 0.19.0-11-g3fc08b3 (webtiles) character file.

87 JeffiDaFish the Shield-Bearer (level 4, 0/28 HPs)
             Began as a Gargoyle Fighter on Nov 9, 2016.
             Killed from afar by an orc wizard (4 damage)
             ... with a magic dart
             ... on level 3 of the Dungeon.
             The game lasted 00:07:25 (1979 turns).

JeffiDaFish the Shield-Bearer (Gargoyle Fighter)    Turns: 1979, Time: 00:07:26

Health: 0/28       AC: 10    Str: 18 (20) XL:     4   Next: 51%
Magic:  4/4        EV:  7    Int:  7 (9)  God:
Gold:   101        SH:  9    Dex:  9      Spells: 0 memorised, 3 levels left

rFire  + . .     SeeInvis .     a - +1 flail
rCold  . . .     Gourm    .     b - +0 scale mail
rNeg   + . .     Faith    .     c - +0 shield
rPois  ∞         Spirit   .     (no helmet)
rElec  +         Reflect  .     (no cloak)
rCorr  .         Harm     .     (no gloves)
MR     .....                    (no boots)
Stlth  +.........               (no amulet)
                                g - ring of protection from fire
                                i - ring of stealth

@: no status effects
A: negative energy resistance 1, electricity resistance, unbreathing,
petrification resistance, rot immunity, AC +3
a: no special abilities


You were on level 3 of the Dungeon.
You were not hungry.

You visited 1 branch of the dungeon, and saw 3 of its levels.

You collected 101 gold pieces.

Inventory:

Hand Weapons
 a - a +1 flail (weapon)
Armour
 b - a +0 scale mail (worn)
 c - a +0 shield (worn)
Jewellery
 e - an uncursed ring of wizardry
 g - a ring of protection from fire (right hand)
 i - a ring of stealth (left hand)
Scrolls
 l - a scroll of teleportation
Potions
 d - 2 potions of might
Comestibles
 f - 3 bread rations
 h - 2 meat rations
 k - 2 beef jerkies


   Skills:
 + Level 3.5 Fighting
 + Level 3.0 Maces & Flails
 + Level 4.0 Armour
 + Level 0.5 Dodging
 + Level 4.1 Shields


You had 3 spell levels left.
You didn't know any spells.

Dungeon Overview and Level Annotations

Branches:
Dungeon (3/15)

Altars:


Innate Abilities, Weirdness & Mutations

You are resistant to torment.
Your stone body is resilient. (AC +3)
You are immune to poison.
You resist negative energy. (rN+)
You are resistant to electric shocks. (rElec)
You can survive without breathing.
You are immune to petrification.
You are immune to rotting.


Message History

The orc wizard is heavily wounded.
The orc wizard barely misses you. You block the orc wizard's attack.
The orc hits you with a mace.
* * * LOW HITPOINT WARNING * * *
You are too injured to fight recklessly!
You are too injured to fight recklessly!
You are too injured to fight recklessly!
You are too injured to fight recklessly!
You are too injured to fight recklessly!
You are too injured to fight recklessly!
You closely miss the orc wizard.
The orc wizard is heavily wounded.
The orc wizard points at you and mumbles some strange words.
The magic dart hits you! The orc wizard completely misses you.
The orc closely misses you.
You miss the orc wizard.
The orc wizard is heavily wounded.
The orc wizard points at you and mumbles some strange words.
The magic dart hits you!
You die...

###
##.################
###.................#
##.....#####..#####.#
........)###..# #.#
####.###÷<....# #.#
#.# #####..# #.# #.#
###..#####(# #..
......o@...# ...
###...o.....#
#.###.###.# #.# #.#
.# .. ... .# ...# .#
. ...## .# # .#.# ..


You could see an orc wizard and an orc.

Vanquished Creatures
  An orc wizard (D:3)
  An ooze (D:2)
  4 worms (D:2)
  A dart slug (D:1)
  A leopard gecko (D:1)
  An orc (D:3)
  A giant cockroach (D:2)
  4 goblins
  4 hobgoblins
  8 kobolds
  A quokka (D:2)
  6 bats
  4 frilled lizards
  7 rats
44 creatures vanquished.

Notes
Turn   | Place    | Note
-------+----------+-------------------------------------------
     0 | D:1      | JeffiDaFish the Gargoyle Fighter began the quest for the Orb.
     0 | D:1      | Reached XP level 1. HP: 14/14 MP: 1/1
   181 | D:1      | Reached XP level 2. HP: 19/19 MP: 2/2
   645 | D:1      | Reached XP level 3. HP: 22/23 MP: 3/3
  1638 | D:2      | Reached XP level 4. HP: 28/28 MP: 4/4
  1979 | D:3      | Killed from afar by an orc wizard

Skill      XL: |  1  2  3  4 |
---------------+-------------+-----
Shields        | 4 |  4.1
Armour         | 4 |  4.0
Maces & Flails | 3 |  3.0
Fighting       | |  3.5
Dodging        | |  0.5

Action                   |  1- 3 |  4- 6 || total
-------------------------+-------+-------++-------
Melee: Flail             |   170 |    53 ||   223
  Use: Scroll            |     5 |     1 ||     6
       Potion            |     4 |       ||     4
  Eat: Chunk             |     2 |     2 ||     4
Armor: Scale mail        |    97 |    36 ||   133
Dodge: Dodged            |    40 |    17 ||    57
Block: Shield            |    92 |    40 ||   132
